Map: Acropolis LE

Players

Caerwyn

  • Race: Terran Terran
  • Spawn Location: 11:00

tso - Winner!

  • Race: Zerg Zerg
  • Spawn Location: 5:00

VOD

Have the link to the VOD?

Description

Time

  • Played on: Sept. 6, 2019, 12:56 p.m.
  • Length: 10:47
Show
View Real Time Build Order
Export as new Build Order

Caerwyn Terran 

Build Orders: Reaper Expand, Hellion Banshee 

Get SALT Encoding   

  12  0:01  SCV  
  13  0:13  SCV  
  14  0:17  Supply Depot  
  14  0:25  SCV  
  15  0:38  SCV  
  15  0:39  Barracks  
  16  0:44  Refinery  
  16  0:50  SCV  
  17  1:02  SCV  
  18  1:14  SCV  
  19  1:26  Reaper  
  19  1:27  Orbital Command  
  20  1:41  Command Center  
  20  1:50  Supply Depot  
  20  1:53  SCV  
  21  1:58  Marine  
  22  2:05  SCV  
  23  2:10  Factory  
  23  2:19  Refinery  
  23  2:21  SCV  
  23  2:22  Barracks Reactor  
  24  2:33  SCV  
  25  2:45  SCV  
  26  2:53  Orbital Command  
  26  2:56  Starport  
  26  3:00  SCV  
  26  3:04  Hellion, Barracks Tech Lab  
  26  3:05  Hellion  
  31  3:12  Supply Depot  
  31  3:14  SCV  
  32  3:24  SCV  
  32  3:26  Hellion  
  35  3:29  Hellion  
  35  3:30  SCV  
  38  3:36  SCV  
  38  3:38  Banshee  
  42  3:42  SCV  
  42  3:44  Cloaking Field  
  43  3:53  SCV  
  43  3:54  SCV  
  49  4:02  Hellion x2  
  49  4:05  SCV  
  49  4:06  SCV  
  49  4:08  Supply Depot  
  50  4:11  Armory  
  50  4:18  SCV x2  
  50  4:24  Hellion  
  54  4:29  Banshee  
  54  4:30  SCV, Hellion  
  60  4:31  Supply Depot  
  60  4:36  SCV  
  61  4:41  Command Center  
  61  4:44  SCV  
  62  4:53  SCV  
  62  4:54  Supply Depot  
  62  4:56  SCV  
  64  5:00  Hellion x2  
  64  5:05  SCV  
  69  5:09  Terran Vehicle And Ship Armor Level 1  
  69  5:10  Factory  
  69  5:11  SCV, Factory  
  70  5:14  Refinery  
  70  5:19  SCV, Refinery  
  71  5:23  Hellion  
  71  5:24  Barracks Tech Lab  
  71  5:28  Banshee  
  76  5:43  SCV x2  
  78  5:50  Hellion  
  78  5:51  Barracks Tech Lab  
  78  5:55  SCV x2  
  82  6:02  Hellion  
  85  6:07  SCV  
  85  6:08  Orbital Command  
  85  6:09  SCV  
  86  6:12  Hellion, Banshee  
  86  6:13  Cyclone  
  86  6:16  Mag-Field Accelerator  
  94  6:19  SCV  
  94  6:21  Cyclone  
  94  6:24  SCV  
  99  6:26  Engineering Bay  
  99  6:29  Hellion  
  101  6:48  SCV  
  101  6:51  Orbital Command  
  101  6:52  Infernal Pre-Igniter  
  100  7:01  Missile Turret  
  100  7:03  Missile Turret  
  100  7:10  Starport Reactor, Factory  
  100  7:13  Cyclone, Factory, Hellion x2, Missile Turret  
  107  7:16  SCV x2  
  109  7:27  Missile Turret  
  109  7:28  Refinery, Terran Vehicle And Ship Armor Level 2  
  109  7:29  Refinery  
  109  7:34  Cyclone, SCV x2, Supply Depot  
  114  7:44  Hellion  
  114  7:47  Liberator  
  114  7:50  SCV, Supply Depot  
  117  7:51  Liberator  
  117  7:54  Factory Tech Lab  
  117  7:56  Cyclone, SCV, Hellion  
  123  8:02  Cyclone, Supply Depot  
  129  8:10  SCV  
  129  8:11  SCV  
  134  8:13  SCV  
  135  8:27  Cyclone x2  
  135  8:28  Cyclone  
  135  8:34  Hellion x2  
  148  8:38  Liberator, Supply Depot  
  144  8:43  Liberator  
  142  8:55  Cyclone  
  145  9:00  Hellion x2  
  155  9:10  Supply Depot  
  155  9:11  Supply Depot  
  155  9:18  Cyclone  
  156  9:32  Cyclone, Hellion x2  
  156  9:33  Cyclone x2  
  166  9:50  Cyclone  
  166  9:52  Command Center  
  171  10:11  Supply Depot  
  171  10:12  Supply Depot  
  171  10:17  Missile Turret  
Show
View Real Time Build Order
Export as new Build Order

tso Zerg - Winner!

Build Orders: Hatch First, Muta Ling Bane 

Get SALT Encoding   

  12  0:01  Drone  
  13  0:12  Overlord  
  13  0:17  Drone  
  14  0:31  Drone x2  
  16  0:48  Hatchery  
  15  0:51  Drone  
  15  0:55  Drone  
  17  0:58  Drone  
  18  1:09  Extractor  
  17  1:13  Spawning Pool  
  17  1:16  Drone  
  17  1:20  Drone  
  18  1:29  Drone  
  19  1:40  Drone  
  20  1:50  Drone  
  21  2:00  Queen x2  
  26  2:01  Zergling x4  
  27  2:18  Overlord, Hatchery  
  26  2:23  Drone  
  26  2:24  Drone  
  28  2:34  Metabolic Boost  
  28  2:39  Drone x3  
  31  2:50  Drone x2  
  33  2:53  Queen  
  33  2:54  Overlord  
  36  2:58  Drone  
  36  3:14  Drone x2  
  36  3:15  Overlord  
  36  3:16  Drone x3  
  41  3:26  Drone  
  42  3:30  Queen  
  42  3:31  Drone x2  
  46  3:37  Drone x2  
  48  3:44  Extractor  
  48  3:45  Roach Warren  
  48  3:48  Drone x5  
  48  3:53  Drone  
  48  3:54  Drone  
  55  3:56  Extractor  
  55  3:58  Roach Warren  
  55  4:00  Overlord  
  53  4:03  Overlord  
  53  4:05  Queen  
  53  4:06  Queen  
  57  4:12  Overlord  
  57  4:18  Overlord  
  57  4:19  Overlord  
  57  4:38  Roach x10  
  77  4:40  Zergling x6  
  77  4:43  Zergling x4  
  82  4:51  Roach x3  
  87  4:54  Zergling x4  
  87  4:59  Spore Crawler  
  88  5:00  Spore Crawler  
  88  5:01  Spore Crawler  
  88  5:04  Overlord  
  86  5:07  Lair, Drone  
  86  5:09  Overlord  
  87  5:14  Overlord  
  87  5:16  Drone x2  
  87  5:18  Drone  
  87  5:20  Extractor  
  89  5:22  Drone x2  
  89  5:23  Drone  
  89  5:24  Drone  
  93  5:30  Overlord  
  93  5:36  Spore Crawler  
  93  5:37  Queen  
  93  5:42  Overlord  
  92  5:45  Overlord  
  92  5:46  Drone x4  
  92  5:48  Extractor, Drone  
  96  5:52  Overlord  
  96  5:57  Drone x4  
  98  5:58  Drone  
  98  5:59  Drone  
  98  6:02  Extractor  
  101  6:04  Drone  
  101  6:05  Extractor, Drone x2  
  101  6:06  Drone  
  104  6:11  Spire  
  104  6:14  Drone  
  104  6:15  Drone x2  
  104  6:16  Drone  
  104  6:17  Drone  
  108  6:18  Drone  
  108  6:19  Overseer  
  108  6:24  Overlord  
  109  6:27  Roach x2  
  113  6:33  Overlord  
  113  6:39  Overlord  
  112  6:41  Drone x2  
  112  6:42  Drone, Evolution Chamber  
  112  6:43  Evolution Chamber, Drone  
  112  6:46  Glial Reconstitution  
  112  6:51  Roach x5  
  112  6:52  Overlord  
  120  7:04  Hatchery  
  120  7:05  Overlord  
  119  7:10  Overlord  
  119  7:23  Mutalisk x5  
  119  7:24  Mutalisk x3  
  119  7:27  Drone x4  
  139  7:30  Drone x2  
  141  7:37  Extractor  
  141  7:38  Mutalisk x2  
  141  7:40  Zergling x8  
  141  7:41  Extractor  
  141  7:43  Overlord  
  147  7:47  Drone  
  147  7:48  Drone x4  
  147  7:49  Drone  
  153  7:55  Overlord  
  153  7:56  Zerg Missile Weapons Level 1  
  153  7:57  Zerg Melee Weapons Level 1  
  153  7:59  Drone  
  153  8:01  Drone x2  
  153  8:02  Baneling Nest  
  153  8:03  Drone  
  153  8:05  Mutalisk  
  156  8:06  Mutalisk  
  156  8:12  Overlord, Drone  
  161  8:13  Roach, Drone  
  161  8:15  Zergling x2  
  165  8:26  Overlord  
  165  8:29  Roach x7  
  165  8:30  Overlord  
  165  8:31  Zergling x2  
  179  8:34  Mutalisk x2  
  182  8:48  Mutalisk x4  
  180  8:52  Roach x5  
  180  8:53  Zergling x4  
  200  9:00  Centrifical Hooks  
  200  9:04  Overlord x2  
  200  9:14  Overlord  
  200  9:18  Overlord x2, Zergling x2  
  200  9:19  Overlord  
  194  9:24  Zergling x10  
  194  9:27  Overlord  
  194  9:29  Zergling x12  
  194  9:30  Zergling x4  
  199  9:32  Overlord, Baneling x4  
  199  9:33  Overlord  
  199  9:34  Zergling x2  
  199  9:38  Zergling x8  
  200  9:40  Overlord x2  
  200  9:46  Overlord  
  200  9:49  Baneling x19  
  200  9:50  Baneling x2  
  200  9:51  Baneling  
  200  10:06  Baneling x6  
  196  10:08  Mutalisk x2  
  200  10:18  Infestation Pit  
  200  10:21  Mutalisk x4  
  191  10:23  Overlord x2  
  191  10:44  Hatchery  
Tags
 
Add a new tag
Caveats
  • Supply blocks, unpowered buildings, or Contaminate may cause inaccurate times.
  • Supply counts are checked every 10 seconds.